 Dungeon Crawl Stone Soup version 0.28-a0-851-g8b9cc49659 (webtiles) character file.

Game seed: 16356920266901837806

95 ders the Insei (level 4, -3/34 HPs)
             Began as a Gnoll Transmuter on Nov 15, 2021.
             Slain by an ice beast (12 damage)
             ... on level 3 of the Dungeon.
             The game lasted 00:06:50 (3088 turns).

ders the Insei (Gnoll Transmuter)                   Turns: 3088, Time: 00:06:51

Health: -3/34      AC:  2    Str: 10    XL:     4   Next: 66%
Magic:  9/11       EV: 13    Int: 13    God:
Gold:   123        SH:  0    Dex: 12    Spells: 10/13 levels left

rFire   . . .      SeeInvis .     - Unarmed
rCold   . . .      Faith    .   (no shield)
rNeg    . . .      Spirit   .   a - +0 robe
rPois   .          Reflect  .   (helmet currently unavailable)
rElec   .          Harm     .   (no cloak)
rCorr   .          Rampage  .   (no gloves)
Will    .....                   (boots currently unavailable)
Stlth   ++........              (no amulet)
HPRegen 0.11/turn               (no ring)
MPRegen 0.12/turn               (no ring)

@: appendages (expiring), wereblooded
A: horns 2, talons 2, fangs 1, strong nose, distributed training
a: End Transformation


You were on level 3 of the Dungeon.
You had temporarily grown beastly horns and talons.
You visited 1 branch of the dungeon, and saw 3 of its levels.

You collected 123 gold pieces.

Inventory:

Armour
 a - a +0 robe (worn)
Magical Staves
 o - a staff of earth
Scrolls
 b - 3 scrolls of identify {unknown}
 d - 2 scrolls of holy word {unknown}
 e - a scroll of torment {unknown}
 i - a scroll of acquirement {unknown}
 k - a scroll of immolation {unknown}
 l - a scroll of brand weapon {unknown}
 n - a scroll of teleportation {unknown}
 p - 2 scrolls of vulnerability {unknown}
 q - 3 scrolls of fear {unknown}
Potions
 c - 2 potions of might {unknown}
 f - a potion of berserk rage {unknown}
 g - 2 potions of degeneration {unknown}
 h - a potion of haste {unknown}
 j - a potion of lignification {unknown}
 m - a potion of brilliance {unknown}


   Skills:
 + Level 2.8 Fighting
 + Level 1.2 Short Blades
 + Level 1.2 Long Blades
 + Level 1.2 Axes
 + Level 1.2 Maces & Flails
 + Level 1.2 Polearms
 + Level 1.2 Staves
 + Level 1.2 Slings
 + Level 1.2 Bows
 + Level 1.2 Crossbows
 + Level 1.2 Throwing
 + Level 1.2 Armour
 + Level 4.6 Dodging
 + Level 1.2 Stealth
 + Level 1.2 Shields
 + Level 6.6 Unarmed Combat
 + Level 5.1 Spellcasting
 + Level 1.0 Conjurations
 + Level 1.0 Hexes
 + Level 1.0 Summonings
 + Level 1.0 Necromancy
 + Level 1.0 Translocations
 + Level 3.8 Transmutations
 + Level 1.0 Fire Magic
 + Level 1.0 Ice Magic
 + Level 1.0 Air Magic
 + Level 1.0 Earth Magic
 + Level 1.0 Poison Magic
 + Level 1.3 Invocations
 + Level 1.2 Evocations


You had 10 spell levels left.
You knew the following spells:

 Your Spells              Type           Power      Damage    Failure   Level
a - Beastly Appendage     Tmut           26%        N/A       3%          1
b - Wereblood             Tmut           13%        N/A       6%          2

Your spell library contained the following spells:

 Spells                   Type           Power      Damage    Failure   Level
 Passwall                 Tmut/Erth      7%         N/A       11%         2
 Sandblast                Erth           10%        2d5       12%         1
 Spider Form              Tmut/Pois      9%         N/A       21%         3
 Ozocubu's Armour         Ice            5%         N/A       36%         3
 Stone Arrow              Conj/Erth      10%        3d7       36%         3
 Ice Form                 Ice/Tmut       9%         N/A       56%         4
 Passage of Golubria      Tloc           5%         N/A       77%         4
 Silence                  Hex/Air        2%         N/A       98%         5
 Ozocubu's Refrigeration  Ice            2%         4d5       100%        7
 Lehudib's Crystal Spear  Conj/Erth      2%         10d2      100%        8


Dungeon Overview and Level Annotations

Branches:
Dungeon (3/15)

Altars:
Zin

Shops:
D:1 [


Innate Abilities, Weirdness & Mutations

You have temporarily grown beastly horns and talons.
You have very sharp teeth.
Your uncanny sense of smell can sniff out nearby items.
Your experience applies equally to all skills.


Message History

Confirm with . or Enter, or press ? or * to list all spells.
You don't know that spell.
Casting: Beastly Appendage (safe; 3% risk of failure)
Confirm with . or Enter, or press ? or * to list all spells.
Okay, then.
Casting: Beastly Appendage (safe; 3% risk of failure)
Confirm with . or Enter, or press ? or * to list all spells.
Your blood is infused with primal strength.
The rat misses you.
Unknown command.
An ice beast comes into view.
The rat bites you.
You hit the rat.
The rat is heavily wounded.
The rat bites you.
You barely miss the rat. You claw the rat.
You feel a bit better.
You kill the rat!
The ice beast hits you. The ice beast freezes you!
You hit the ice beast.
You headbutt the ice beast, but do no damage.
The ice beast is lightly wounded.
The ice beast hits you. The ice beast freezes you!
* * * LOW HITPOINT WARNING * * *
You closely miss the ice beast. Your kick misses the ice beast.
The ice beast is lightly wounded.
Your transformation is almost over.
You barely miss the ice beast.
The ice beast is lightly wounded.
The ice beast barely misses you.
You barely miss the ice beast.
You headbutt the ice beast, but do no damage.
The ice beast is lightly wounded.
The ice beast barely misses you.
You hit the ice beast but do no damage.
You claw the ice beast, but do no damage.
The ice beast is lightly wounded.
The ice beast hits you.
* * * LOW HITPOINT WARNING * * *
The ice beast freezes you!
You die...

......#..... #.#
......###### ...
.......... ##.#
##..#####∆ ..## ##..###
..h ##...### #.#
###...#####.#
###.##....######...
#........@Y......
..........##########...
########..# #..# ##.#
###


You could see an ice beast.

Vanquished Creatures
  2 adders (D:2)
  A worm (D:3)
  2 dart slugs (D:1)
  9 endoplasms
  3 giant cockroaches
  5 goblins
  3 hobgoblins
  4 jackals (D:2)
  6 quokkas
  A ball python (D:1)
  11 bats
  5 frilled lizards
  6 kobolds
  7 rats
65 creatures vanquished.

Notes
Turn   | Place    | Note
-------+----------+-------------------------------------------
     0 | D:1      | ders the Gnoll Transmuter began the quest for the Orb.
     0 | D:1      | Reached XP level 1. HP: 17/17 MP: 6/6
   334 | D:1      | Reached XP level 2. HP: 23/23 MP: 5/7
  1190 | D:1      | Found Ahaelaen's Antique Armour Shop.
  1262 | D:1      | Reached skill level 5 in Spellcasting
  1262 | D:1      | Reached XP level 3. HP: 26/28 MP: 6/9
  1567 | D:2      | Reached skill level 1 in Invocations
  1869 | D:2      | Learned a level 2 spell: Wereblood
  2075 | D:2      | Reached skill level 1 in Short Blades
  2075 | D:2      | Reached skill level 1 in Long Blades
  2075 | D:2      | Reached skill level 1 in Axes
  2075 | D:2      | Reached skill level 1 in Maces & Flails
  2075 | D:2      | Reached skill level 1 in Polearms
  2075 | D:2      | Reached skill level 1 in Staves
  2075 | D:2      | Reached skill level 1 in Slings
  2075 | D:2      | Reached skill level 1 in Bows
  2075 | D:2      | Reached skill level 1 in Crossbows
  2075 | D:2      | Reached skill level 1 in Throwing
  2075 | D:2      | Reached skill level 1 in Armour
  2075 | D:2      | Reached skill level 1 in Stealth
  2075 | D:2      | Reached skill level 1 in Shields
  2075 | D:2      | Reached skill level 1 in Evocations
  2075 | D:2      | Reached XP level 4. HP: 33/34 MP: 8/11
  2210 | D:2      | Found a glowing silver altar of Zin.
  2664 | D:3      | Reached skill level 1 in Conjurations
  2664 | D:3      | Reached skill level 1 in Hexes
  2664 | D:3      | Reached skill level 1 in Summonings
  2664 | D:3      | Reached skill level 1 in Necromancy
  2664 | D:3      | Reached skill level 1 in Translocations
  2664 | D:3      | Reached skill level 1 in Fire Magic
  2664 | D:3      | Reached skill level 1 in Ice Magic
  2664 | D:3      | Reached skill level 1 in Air Magic
  2664 | D:3      | Reached skill level 1 in Earth Magic
  2664 | D:3      | Reached skill level 1 in Poison Magic
  3079 | D:3      | Noticed an ice beast
  3088 | D:3      | Slain by an ice beast

Illustrated notes

Levels and vault maps discovered:
D:1:      wander_arrival_estate, layout_basic, shapermc_ecumenical_altar_petra,
          serial_shops, shop, minmay_split_cup_large
D:2:      layout_rooms, basic_altar, minmay_heptomino_d4
D:3:      layout_rooms

Skill      XL: |  1  2  3  4 |
---------------+-------------+-----
Spellcasting   | 5 |  5.1
Invocations    | 1 |  1.3
Short Blades   | 1 |  1.2
Long Blades    | 1 |  1.2
Axes           | 1 |  1.2
Maces & Flails | 1 |  1.2
Polearms       | 1 |  1.2
Staves         | 1 |  1.2
Slings         | 1 |  1.2
Bows           | 1 |  1.2
Crossbows      | 1 |  1.2
Throwing       | 1 |  1.2
Armour         | 1 |  1.2
Stealth        | 1 |  1.2
Shields        | 1 |  1.2
Evocations     | 1 |  1.2
Conjurations   | 1 |  1.0
Hexes          | 1 |  1.0
Summonings     | 1 |  1.0
Necromancy     | 1 |  1.0
Translocations | 1 |  1.0
Fire Magic     | 1 |  1.0
Ice Magic      | 1 |  1.0
Air Magic      | 1 |  1.0
Earth Magic    | 1 |  1.0
Poison Magic   | 1 |  1.0
Fighting       | |  2.8
Dodging        | |  4.6
Unarmed Combat | |  6.6
Transmutations | |  3.8

Action                   |  1- 3 |  4- 6 || total
-------------------------+-------+-------++-------
Melee: Unarmed           |   106 |    58 ||   164
       Kick              |    12 |     5 ||    17
       Headbutt          |     7 |     3 ||    10
       Punch             |     1 |       ||     1
       Bite              |     8 |     1 ||     9
 Cast: Beastly Appendage |    28 |     5 ||    33
       Wereblood         |     1 |     2 ||     3
 Stab: Sleeping          |     2 |       ||     2
Armor: Robe              |    33 |     4 ||    37
Dodge: Dodged            |   112 |    34 ||   146

Table legend: (Time is in decaauts)
 A = Elapsed time spent in this place.
 B = Non-inter-level travel time spent in this place.
 C = Inter-level travel time spent in this place.
 D = Time resting spent in this place.
 E = Time spent auto-exploring this place.
 F = Levels seen in this place.
 G = Mean time per level.
                   A        B        C        D        E       F      G
               +--------+--------+--------+--------+--------+-----+--------+
         Total |   3066 |   2954 |    112 |   1025 |   1425 |   3 | 1022.0 |
       Dungeon |   3066 |   2954 |    112 |   1025 |   1425 |   3 | 1022.0 |
               +--------+--------+--------+--------+--------+-----+--------+

Top non-repeatable levels by time:
     D:1: 1478 daAuts
     D:2: 1030 daAuts
     D:3: 558 daAuts
